 Dungeon Crawl Stone Soup version 0.19-a0-1686-g35356ef (webtiles) character file.

4125 Hennin the Cleaver (level 10, -4/86 HPs)
             Began as a Minotaur Fighter on Sept 25, 2016.
             Was an Initiate of Okawaru.
             Slain by a ten-headed hydra (6 damage)
             ... on level 9 of the Dungeon.
             The game lasted 00:21:15 (8408 turns).

Hennin the Cleaver (Minotaur Fighter)               Turns: 8408, Time: 00:21:16

Health: -4/86      AC: 18    Str: 27    XL:     10   Next: 6%
Magic:  14/14      EV: 18    Int:  5    God:    Okawaru [......]
Gold:   468        SH: 12    Dex: 15    Spells: 0 memorised, 16 levels left

rFire  . . .     SeeInvis .     p - +1 trident (protect)
rCold  + . .     Gourm    .     G - +5 ring mail of Failure {-Tele rC+ Str+3 Stlth+}
rNeg   . . .     Faith    .     c - +0 shield
rPois  .         Spirit   .     (helmet restricted)
rElec  .         Dismiss  .     o - +0 cloak
rCorr  .         Reflect  .     (no gloves)
MR     .....     Harm     .     e - +0 pair of boots
Stlth  +++....... NoTele   +    r - amulet of regeneration
                                (no ring)
                                J - +3 ring of protection

@: agile
A: retaliatory headbutt, horns 2
a: Renounce Religion


You were on level 9 of the Dungeon.
You worshipped Okawaru.
Okawaru was noncommittal.
You were not hungry.

You visited 2 branches of the dungeon, and saw 10 of its levels.

You collected 468 gold pieces.

Inventory:

Hand Weapons
 a - a +2 war axe of electrocution
 p - a +1 trident of protection (weapon)
 x - a +1 whip of draining
Armour
 b - a +0 scale mail
 c - a +0 shield (worn)
 e - a +0 pair of boots (worn)
 j - a +0 chain mail
 o - a +0 cloak (worn)
 G - the +5 ring mail of Failure (worn) {-Tele rC+ Str+3 Stlth+}
   (You found it on level 6 of the Dungeon)

   It affects your strength (+3).
   It protects you from cold.
   It prevents most forms of teleportation.
   It makes you more stealthy.
Jewellery
 k - an uncursed ring of ice
 r - an amulet of regeneration (around neck)
 J - a +3 ring of protection (left hand)
Wands
 n - a wand of flame (17/48)
 y - a wand of lightning (2/15)
 D - a wand of flame (6/48)
 N - a wand of digging (9/24)
 O - a wand of iceblast (3/15)
Scrolls
 l - a scroll of teleportation
 u - a scroll of immolation
 B - a scroll of amnesia
 I - 5 scrolls of remove curse
 L - a scroll of brand weapon
Potions
 d - 2 potions of might
 g - 2 potions of lignification
 i - a potion of mutation
 q - a potion of magic
 v - 2 potions of invisibility {unknown}
 w - a potion of beneficial mutation {unknown}
 A - 3 potions of flight {unknown}
 F - a potion of cancellation {unknown}
 M - a potion of curing
Books
 s - a book of the Sky

   Spells                             Type                      Level
   a - Summon Lightning Spire         Summoning/Air                4
   b - Airstrike                      Air                          4
   c - Silence                        Hexes/Air                    5
   d - Deflect Missiles               Charms/Air                   6
   e - Conjure Ball Lightning         Conjuration/Air              6
   f - Tornado                        Air                          9
 z - a Necronomicon

   Spells                             Type                      Level
   a - Haunt                          Necromancy/Summoning         7
   b - Borgnjor's Revivification      Necromancy                   8
   c - Death's Door                   Charms/Necromancy            8
   d - Infestation                    Necromancy                   8
   e - Necromutation                  Transmutation/Necromancy     8
 E - a book of Dreams

   Spells                             Type                      Level
   a - Ensorcelled Hibernation        Hexes/Ice                    2
   b - Silence                        Hexes/Air                    5
   c - Darkness                       Hexes                        6
   d - Shadow Creatures               Summoning                    6
Comestibles
 f - 4 bread rations
 C - 3 meat rations
 K - a royal jelly


   Skills:
 + Level 7.4 Fighting
 * Level 9.8 Axes
 + Level 7.6 Armour
 + Level 5.8 Dodging
 + Level 7.3 Shields
 + Level 3.6 Spellcasting


You had 16 spell levels left.
You didn't know any spells.

Dungeon Overview and Level Annotations

Branches:
Dungeon (9/15)             Temple (1/1) D:6
   Lair: D:8-11         Orc: D:9-12

Altars:
Ashenzari
Cheibriados
Dithmenos
Elyvilon
Fedhas
Gozag
Hepliaklqana
Kikubaaqudgha
Makhleb
Nemelex Xobeh
Okawaru
Qazlal
Ru
Sif Muna
Trog
Uskayaw
Vehumet
Xom
Yredelemnul
Zin
The Shining One

Shops:
D:9 =


Innate Abilities, Weirdness & Mutations

You reflexively headbutt those who attack you in melee.
You have a pair of horns on your head.


Message History

p - a +1 trident of protection (weapon)
You feel much better. The ten-headed hydra barely misses you.
The ten-headed hydra bites you but does no damage.
The ten-headed hydra bites you!
* * * LOW HITPOINT WARNING * * *
The ten-headed hydra bites you but does no damage.
The ten-headed hydra bites you!
* * * LOW HITPOINT WARNING * * *
The ten-headed hydra closely misses you.
The ten-headed hydra barely misses you.
You block the ten-headed hydra's attack.
The ten-headed hydra completely misses you.
The ten-headed hydra bites you.
* * * LOW HITPOINT WARNING * * *
You feel agile all of a sudden. The ten-headed hydra bites you.
* * * LOW HITPOINT WARNING * * *
You block the ten-headed hydra's attack. x3
The ten-headed hydra bites you.
You die...

........<.......
................
...###..........
...# ###.....###
..># #.....#.. ...#
#.....#.#### ...#
#.....#.#.. ...#
#.....#.#.# ...#
#.....#.#@#
...#####.....#.#D#
.............#.#O#
########......#.#.#
# #......#.#.# #
#......#.#.# #
#......#.#.# #
#......#.#.. .
........#.###


You could see a ten-headed hydra and an ogre.

Vanquished Creatures
  Pikel (D:5)
  Prince Ribbit (D:5)
  6 yaks (D:7)
  Menkaure (D:4)
  2 phantoms
  An orc warrior (D:7)
  A sky beast (D:7)
  4 ogres
  A black bear (D:7)
  An ice beast (D:8)
  A wasp (D:7)
  A centaur (D:8)
  A bullfrog (D:7)
  Blork the orc (D:5)
  2 scorpions
  5 howler monkeys
  3 crimson imps
  A bullfrog zombie (D:5)
  3 hounds
  A jelly (D:6)
  4 orc priests
  A bullfrog skeleton (D:6)
  2 worker ants
  3 orc wizards
  Natasha (twice) (D:2)
  2 iguanas
  A hound zombie (D:7)
  Robin (D:4)
  2 worker ant zombies
  13 adders
  7 gnolls
  A shadow imp (D:8)
  2 oozes
  2 adder skeletons
  An adder zombie (D:7)
  4 dart slugs
  2 leopard geckos
  27 orcs
  4 ball pythons
  8 giant cockroaches
  26 goblins
  9 hobgoblins
  11 jackals
  9 kobolds
  8 quokkas
  9 bats
  6 frilled lizards
  2 leopard gecko skeletons
  A quokka zombie (D:5)
  7 rats
215 creatures vanquished.

Vanquished Creatures (others)
  A howler monkey (D:5)
1 creature vanquished.

Grand Total: 216 creatures vanquished

Notes
Turn   | Place    | Note
-------+----------+-------------------------------------------
     0 | D:1      | Hennin the Minotaur Fighter began the quest for the Orb.
     0 | D:1      | Reached XP level 1. HP: 19/19 MP: 0/0
   333 | D:1      | Reached XP level 2. HP: 27/27 MP: 1/1
   386 | D:1      | Reached skill level 3 in Axes
   485 | D:1      | Reached XP level 3. HP: 33/33 MP: 2/2
   832 | D:2      | Reached skill level 1 in Dodging
   834 | D:2      | Found a hide-covered altar of Uskayaw.
   864 | D:2      | Reached XP level 4. HP: 29/40 MP: 3/3
  1205 | D:2      | Found a bloodstained altar of Trog.
  1317 | D:2      | Noticed Natasha
  1320 | D:2      | Killed Natasha
  1471 | D:2      | Found an opulent altar of Gozag.
  1472 | D:2      | Found a glowing silver altar of Zin.
  1509 | D:2      | Noticed Natasha
  1517 | D:2      | Killed Natasha
  1517 | D:2      | Reached XP level 5. HP: 28/46 MP: 5/5
  2085 | D:3      | Reached skill level 1 in Spellcasting
  2171 | D:3      | Reached skill level 4 in Axes
  2232 | D:3      | Found a snail-covered altar of Cheibriados.
  3050 | D:4      | Reached XP level 6. HP: 53/53 MP: 6/6
  3065 | D:4      | Noticed Menkaure
  3076 | D:4      | Killed Menkaure
  3132 | D:4      | Noticed Robin
  3138 | D:4      | Reached skill level 5 in Shields
  3142 | D:4      | Killed Robin
  3142 | D:4      | Reached skill level 5 in Axes
  3524 | D:4      | Reached XP level 7. HP: 60/60 MP: 8/8
  3533 | D:4      | Reached skill level 5 in Fighting
  3533 | D:4      | Reached skill level 5 in Armour
  4169 | D:5      | Entered Level 5 of the Dungeon
  4456 | D:5      | Reached skill level 6 in Axes
  4467 | D:5      | Reached XP level 8. HP: 69/69 MP: 10/10
  4488 | D:5      | Noticed Pikel
  4512 | D:5      | Killed Pikel
  4512 | D:5      | Reached skill level 7 in Axes
  4786 | D:5      | Noticed Blork the orc
  4794 | D:5      | Killed Blork the orc
  5113 | D:5      | Noticed Prince Ribbit
  5134 | D:5      | Killed Prince Ribbit
  5381 | D:5      | Found a burning altar of Makhleb.
  5737 | D:6      | Got a jewelled ring mail
  5748 | D:6      | Identified the +5 ring mail of Failure {-Tele rC+ Str+3 Stlth+} (You found it on level 6 of the Dungeon)
  5750 | D:6      | Found a staircase to the Ecumenical Temple.
  5764 | Temple   | Entered the Ecumenical Temple
  6222 | D:6      | Reached skill level 8 in Axes
  6250 | D:6      | Reached XP level 9. HP: 77/77 MP: 12/12
  6685 | D:7      | Reached skill level 5 in Dodging
  6826 | D:7      | Reached skill level 9 in Axes
  6952 | D:7      | Found a white marble altar of Elyvilon.
  7302 | D:7      | Found a glowing golden altar of the Shining One.
  7303 | D:7      | Found a sacrificial altar of Ru.
  7303 | D:7      | Found a shattered altar of Ashenzari.
  7498 | D:7      | Found a blossoming altar of Fedhas.
  7995 | D:8      | Found an iron altar of Okawaru.
  8017 | D:8      | Became a worshipper of Warmaster Okawaru
  8073 | D:8      | Reached XP level 10. HP: 86/86 MP: 14/14
  8334 | D:9      | Found Qiofav's Jewellery Shoppe.
  8401 | D:9      | Noticed an eight-headed hydra
  8407 | D:9      | HP: 4/86 [ten-headed hydra (5)]
  8408 | D:9      | Slain by a ten-headed hydra

Vault maps used:
D:1:      matt_arrival_spirals
D:2:      grunt_temple_overflow_gold_and_silver, eat_drink_and_be_merry_uskayaw,
          bloody_trog, minmay_tetromino_l4, uniq_natasha
D:3:      kennysheep_the_goblin_king, kennysheep_slug_shrine,
          serial_bayou_pond_d
D:4:      hangedman_minor_gate_pass, uniq_robin, uniq_menkaure
D:5:      lemuel_coloured_pillars_altar, first_bread, uniq_blork_the_orc,
          uniq_prince_ribbit1, uniq_pikel
D:7:      fedhas_altar_4, minitemple
D:8:      kennysheep_okawaru_gauntlet
D:9:      minmay_distorted_concentric_squares, serial_shops,
          nicolae_shop_waterfront, grunt_ogre_cave
Temple:   compressed_dpeg_triangle_lava_temple

Skill      XL: |  1  2  3  4  5  6  7  8  9 |
---------------+----------------------------+-----
Axes           | 3 4 5 6 8 9 |  9.8
Fighting       | 4 5 6 7 |  7.4
Armour         | 4 5 6 7 |  7.6
Dodging        | 1 2 3 4 5 |  5.8
Shields        | 4 5 6 7 |  7.3
Spellcasting   | 1 2 3 |  3.6

Action                   |  1- 3 |  4- 6 |  7- 9 | 10-12 || total
-------------------------+-------+-------+-------+-------++-------
Melee: War axe           |    75 |   185 |   283 |    17 ||   560
       Headbutt          |    15 |    31 |    68 |     3 ||   117
Evoke: Wand              |       |       |    12 |       ||    12
  Use: Scroll            |     4 |     4 |    12 |     1 ||    21
       Potion            |       |     1 |     7 |     3 ||    11
  Eat: Chunk             |       |     9 |    10 |     1 ||    20
       Fruit             |       |     1 |     7 |       ||     8
Armor: Scale mail        |    43 |    90 |    53 |       ||   186
       Ring mail         |       |       |    34 |    13 ||    47
Dodge: Dodged            |    20 |    70 |   116 |    18 ||   224
Block: Shield            |    44 |    92 |   134 |    19 ||   289
